 Dungeon Crawl Stone Soup version 0.20.1-1-g8b1a95d (webtiles) character file.

128 Mitsuki the Magician (level 5, -1/31 HPs)
             Began as an Octopode Wizard on Sept 10, 2017.
             Slain by a river rat (4 damage)
             ... summoned by Hylus's ghost
             ... on level 3 of the Dungeon.
             The game lasted 00:31:43 (3221 turns).

Mitsuki the Magician (Octopode Wizard)              Turns: 3221, Time: 00:31:44

Health: -1/31      AC:  8    Str:  8      XL:     5   Next: 11%
Magic:  5/11       EV: 10    Int: 21 (22) God:
Gold:   225        SH:  8    Dex:  8 (10) Spells: 7/12 levels left

rFire    + . .     SeeInvis .   g - +1 falchion (protect)
rCold    . . .     Gourm    .   j - +3 shield {rF+}
rNeg     . . .     Faith    .   a - +0 hat
rPois    .         Spirit   .   (no amulet)
rElec    .         Reflect  .   f - +2 ring of strength
rCorr    .         Harm     .   (no ring)
MR       .....                  (no ring)
Stlth    +++.......             (no ring)
Regen    0.1/turn               (no ring)
MPRegen  0.2/turn               (no ring)
                                (no ring)
                                (no ring)

@: protection aura, very slightly contaminated
A: almost no armour, stealthy swim, amphibious, 8 rings, constrict 8, camouflage
1, gelatinous body 1
a: no special abilities


You were on level 3 of the Dungeon.
You were not hungry.

You visited 1 branch of the dungeon, and saw 3 of its levels.

You collected 225 gold pieces.

Inventory:

Hand Weapons
 d - a +0 flail
 g - a +1 falchion of protection (weapon)
Armour
 a - a +0 hat (worn)
 j - a +3 shield of fire resistance (worn)
Jewellery
 f - a +2 ring of strength (left tentacle)
 i - an uncursed ring of protection from fire {unknown}
Scrolls
 h - 2 scrolls of remove curse
 l - 2 scrolls of identify
Potions
 e - 3 potions of curing
Books
 b - a book of Minor Magic

   Spells                             Type                      Level
   a - Magic Dart                     Conjuration                  1
   b - Blink                          Translocation                2
   c - Call Imp                       Summoning                    2
   d - Slow                           Hexes                        2
   e - Conjure Flame                  Conjuration/Fire             3
   f - Mephitic Cloud                 Conjuration/Poison/Air       3
 q - a book of Minor Magic

   Spells                             Type                      Level
   a - Magic Dart                     Conjuration                  1
   b - Blink                          Translocation                2
   c - Call Imp                       Summoning                    2
   d - Slow                           Hexes                        2
   e - Conjure Flame                  Conjuration/Fire             3
   f - Mephitic Cloud                 Conjuration/Poison/Air       3
Comestibles
 c - a bread ration


   Skills:
 - Level 2.0 Dodging
 + Level 3.0 Stealth
 - Level 4.3 Spellcasting
 - Level 2.5 Conjurations
 * Level 2.0 Summonings
 - Level 1.0 Translocations


You had 7 spell levels left.
You knew the following spells:

 Your Spells              Type           Power        Failure   Level  Hunger
a - Magic Dart            Conj           ###.         28%         1    None
b - Call Imp              Summ           ##......     47%         2    #......
c - Blink                 Tloc           N/A          63%         2    #......


Dungeon Overview and Level Annotations

Branches:
Dungeon (3/15)

Altars:
Ashenzari
Yredelemnul

Annotations:
D:3 Hylus's ghost, amateur DESu


Innate Abilities, Weirdness & Mutations

You cannot wear most types of armour.
You are very stealthy in the water. (Stealth+)
You are amphibious.
You can wear up to eight rings at the same time.
You can use your tentacles to constrict eight enemies at once.
Your skin changes colour to match your surroundings (Stealth+).
Your rubbery body absorbs attacks. (AC +1, EV +1)


Message History

Your crimson imp hits the river rat.
The river rat barely misses your crimson imp.
Your crimson imp closely misses the river rat.
The river rat bites your crimson imp.
Your crimson imp blinks!
Your crimson imp misses the river rat.
The river rat misses your crimson imp.
Your crimson imp blinks!
The river rat bites you.
* * * LOW HITPOINT WARNING * * *
You barely miss the river rat. Your grab misses the river rat.
Your squeeze misses the river rat.
The river rat is moderately wounded.
Your crimson imp blinks!
The river rat barely misses you. The river rat closely misses you.
You hit the river rat.
Your weapon exudes an aura of protection.
You grab the river rat.
The river rat is heavily wounded.
You constrict the river rat. The river rat bites you.
You die...

#.# #.# #.# #.#
#.# #.# # #.#
#.#.# #.# ###.#.
#.# .... #.#
#######.#####.#
......5@r.ยง.[.#
........#######
#########


You could see a river rat and a friendly crimson imp.

Vanquished Creatures
  A worker ant (D:2)
  Robin (D:2)
  3 adders
  2 oozes
  A dart slug (D:1)
  A leopard gecko (D:2)
  5 bats
  2 giant cockroaches
  13 goblins
  4 hobgoblins
  2 jackals (D:2)
  6 kobolds
  A quokka (D:2)
  4 rats (D:1)
46 creatures vanquished.

Vanquished Creatures (collateral kills)
  An ooze (D:1)
  A giant cockroach (D:1)
  2 goblins (D:2)
  A hobgoblin (D:2)
  2 kobolds
  A spectral orc (D:2)
8 creatures vanquished.

Grand Total: 54 creatures vanquished

Notes
Turn   | Place    | Note
-------+----------+-------------------------------------------
     0 | D:1      | Mitsuki the Octopode Wizard began the quest for the Orb.
     0 | D:1      | Reached XP level 1. HP: 11/11 MP: 4/4
   435 | D:1      | Reached XP level 2. HP: 17/17 MP: 1/6
   504 | D:1      | Learned a level 2 spell: Call Imp
   971 | D:1      | Found a shattered altar of Ashenzari.
  1085 | D:1      | Reached XP level 3. HP: 21/21 MP: 6/8
  1424 | D:2      | Noticed Robin
  1440 | D:2      | Killed Robin
  1441 | D:2      | Gained mutation: You are clumsy. (Dex -2) [potion of mutation]
  1441 | D:2      | Lost mutation: You are clumsy. (Dex -2) [potion of mutation]
  1814 | D:2      | Reached XP level 4. HP: 27/27 MP: 6/9
  1917 | D:2      | Learned a level 2 spell: Blink
  2042 | D:2      | Found a basalt altar of Yredelemnul.
  2166 | D:2      | Reached skill level 4 in Spellcasting
  2931 | D:3      | Reached XP level 5. HP: 31/31 MP: 6/11
  3143 | D:3      | Noticed Hylus's ghost (amateur DESu)
  3221 | D:3      | Slain by a river rat

Skill      XL: |  1  2  3  4  5 |
---------------+----------------+-----
Stealth        | 3 |  3.0
Conjurations   | 2 |  2.5
Spellcasting   | 4 |  4.3
Summonings     | 2 |  2.0
Dodging        | |  2.0
Translocations | |  1.0

Action                   |  1- 3 |  4- 6 || total
-------------------------+-------+-------++-------
Melee: Unarmed           |    57 |       ||    57
       Constrict         |    15 |     9 ||    24
       Tentacles         |     8 |     2 ||    10
       Falchion          |       |    33 ||    33
 Cast: Magic Dart        |    40 |    26 ||    66
       Call Imp          |     3 |    10 ||    13
       Blink             |       |     1 ||     1
  Use: Potion            |     1 |     4 ||     5
       Scroll            |       |     6 ||     6
 Stab: Sleeping          |     1 |     1 ||     2
  Eat: Royal jelly       |     1 |     2 ||     3
       Fruit             |     1 |     1 ||     2
Armor: Skin              |     3 |    12 ||    15
Dodge: Dodged            |    26 |    25 ||    51
Block: Shield            |    18 |    27 ||    45
       Rpst.: Falchion   |       |     8 ||     8
